Map: Ultralove

Players

ShoWTimE

  • Race: Protoss Protoss
  • League: Master
  • Spawn Location: 7:00

Spirit (souL) - Winner!

  • Race: Terran Terran
  • League: Master
  • Spawn Location: 1:00

Event: HomeStory Cup XXVI

VOD

Have the link to the VOD?

Description

Time

  • Played on: Nov. 29, 2024, 2:32 p.m.
  • Length: 16:18

All games in this series

Show
View Real Time Build Order
Export as new Build Order

ShoWTimE Protoss 

Build Orders: 1 Gate Expand, Blink Stalkers, Colossus Rush 

Get SALT Encoding   

  12  0:00  Probe  
  13  0:12  Probe  
  14  0:17  Pylon  
  14  0:24  Probe  
  15  0:32  Probe  
  15  0:35  Gateway  
  15  0:40  Probe  
  16  0:46  Assimilator  
  17  0:50  Probe  
  18  1:03  Probe  
  19  1:15  Probe  
  20  1:22  Cybernetics Core  
  20  1:30  Nexus  
  20  1:33  Probe  
  20  1:39  Pylon  
  21  1:45  Probe  
  22  1:47  Assimilator  
  22  1:48  Adept  
  22  1:57  Probe  
  22  2:00  Warp Gate  
  25  2:08  Adept  
  25  2:09  Probe  
  26  2:21  Probe  
  29  2:26  Twilight Council  
  29  2:33  Probe  
  29  2:34  Blink  
  30  2:38  Stalker  
  30  2:42  Probe  
  33  2:46  Probe  
  34  2:52  Gateway  
  34  2:54  Probe  
  34  2:58  Probe  
  36  3:06  Probe  
  36  3:10  Probe  
  38  3:14  Pylon  
  38  3:18  Probe  
  39  3:22  Robotics Facility, Probe  
  40  3:30  Probe  
  41  3:34  Probe  
  42  3:42  Probe  
  42  3:45  Nexus  
  43  3:52  Stalker x2  
  47  3:59  Pylon  
  47  4:00  Probe x2  
  49  4:09  Assimilator, Observer  
  48  4:11  Assimilator, Probe  
  48  4:12  Probe  
  50  4:17  Stalker  
  50  4:18  Stalker  
  50  4:19  Probe  
  50  4:22  Pylon  
  55  4:24  Probe  
  55  4:27  Probe  
  55  4:28  Observer  
  57  4:36  Probe  
  59  4:38  Probe  
  60  4:46  Forge  
  60  4:47  Robotics Bay  
  60  4:48  Probe  
  60  4:49  Probe  
  63  4:53  Probe  
  63  4:55  Charge, Pylon  
  63  4:57  Probe  
  63  5:00  Probe  
  63  5:01  Probe  
  63  5:03  Observer  
  63  5:05  Probe  
  66  5:11  Probe  
  66  5:12  Probe  
  66  5:13  Observer  
  70  5:15  Gateway  
  70  5:17  Probe  
  70  5:20  Colossus  
  71  5:22  Protoss Ground Weapons Level 1  
  71  5:23  Probe  
  71  5:25  Pylon, Probe  
  73  5:29  Probe  
  73  5:35  Gateway, Probe  
  74  5:37  Probe  
  82  5:43  Gateway  
  82  5:46  Gateway  
  82  5:47  Extended Thermal Lance  
  82  5:52  Gateway  
  82  6:04  Observer  
  82  6:07  Gateway  
  82  6:09  Sentry x2  
  82  6:10  Gateway  
  86  6:11  Shield Battery, Pylon  
  86  6:17  Colossus  
  86  6:24  Pylon  
  82  6:31  Zealot x2  
  86  6:33  Nexus  
  86  6:39  Zealot x3  
  92  6:46  Stalker x2  
  94  6:53  Stalker x2  
  98  6:59  Colossus  
  98  7:00  Zealot x3  
  104  7:07  Zealot  
  104  7:08  Protoss Ground Weapons Level 2  
  98  7:11  Probe x3  
  98  7:15  Pylon  
  103  7:23  Probe  
  103  7:27  Zealot x5  
  103  7:28  Sentry  
  116  7:33  Stalker x2  
  116  7:36  Probe x2  
  122  7:37  Probe  
  122  7:39  Observer  
  122  7:40  Shield Battery  
  122  7:44  Gravitic Drive  
  123  7:45  Warp Prism  
  123  7:48  Probe  
  124  7:53  Zealot x3  
  124  7:54  Zealot x2  
  136  8:00  Stalker  
  136  8:01  Stalker  
  140  8:09  Pylon  
  140  8:10  Pylon  
  140  8:11  Pylon  
  140  8:16  Disruptor  
  140  8:19  Forge  
  140  8:22  Robotics Facility  
  140  8:27  Probe x2  
  146  8:35  Stalker x3  
  146  8:36  Zealot x4  
  146  8:40  Shield Battery  
  160  8:42  Pylon  
  160  8:46  Disruptor  
  160  8:51  Protoss Ground Armor Level 1  
  160  8:53  Pylon x2  
  155  9:14  Probe  
  156  9:17  Zealot x8  
  156  9:18  Warp Prism  
  156  9:23  Disruptor  
  178  9:24  Probe  
  178  9:25  Nexus  
  179  9:35  Pylon, Dark Shrine  
  179  9:41  Pylon  
  179  9:51  Zealot x5  
  187  9:59  Zealot x3  
  170  10:22  Disruptor  
  170  10:27  Zealot x6  
  156  10:35  Observer  
  140  10:40  Nexus  
  132  10:45  Pylon  
  132  10:46  Probe x3  
  132  10:47  Probe  
  132  10:48  Stalker x6  
  144  10:50  Pylon  
  144  10:54  Disruptor  
  144  10:55  Disruptor  
  144  10:58  Probe  
  144  10:59  Probe  
  144  11:02  Probe x2  
  152  11:09  Dark Templar  
  152  11:10  Probe  
  152  11:11  Probe  
  156  11:14  Zealot x3, Probe  
  163  11:19  Shield Battery, Photon Cannon  
  163  11:22  Forge  
  163  11:26  Dark Templar  
  163  11:29  Probe  
  162  11:40  Protoss Ground Armor Level 2, Pylon  
  162  11:45  Probe x3  
  162  11:46  Assimilator, Probe  
  164  11:49  Zealot x5  
  164  11:50  Assimilator, Zealot x2, Observer  
  164  11:52  Observer  
  164  11:53  Observer  
  176  11:59  Probe  
  176  12:00  Probe  
  178  12:02  Protoss Ground Weapons Level 3  
  178  12:09  Photon Cannon  
  178  12:11  Photon Cannon  
  178  12:14  Zealot  
  178  12:15  Zealot x8  
  196  12:19  Gateway  
  196  12:21  Gateway  
  196  12:26  Gateway  
  196  12:28  Gateway  
  195  12:30  Pylon  
  187  12:41  Nexus  
  185  12:50  Zealot, Shadow Stride  
  187  12:55  Pylon  
  187  12:57  Pylon  
  185  13:04  Pylon  
  183  13:09  Nexus  
  183  13:11  Pylon  
  179  13:13  Zealot x6  
  184  13:22  Zealot x3  
  160  13:31  Disruptor  
  160  13:34  Zealot x6  
  138  13:41  Disruptor  
  122  13:46  Zealot x5  
  110  13:49  Dark Templar x2  
  112  13:57  Probe x2  
  114  14:06  Disruptor  
  118  14:10  Dark Templar x5  
  128  14:22  Zealot x4  
  128  14:23  Zealot  
  138  14:36  Zealot x3  
  124  14:59  Nexus  
  124  15:00  Archon  
  121  15:09  Pylon  
  121  15:16  Disruptor  
  121  15:18  Disruptor  
  121  15:20  Nexus  
  129  16:02  Zealot x5  
Show
View Real Time Build Order
Export as new Build Order

Spirit Terran - Winner!

Build Orders:  

Get SALT Encoding   

  12  0:00  SCV  
  13  0:12  SCV  
  14  0:17  Supply Depot  
  14  0:24  SCV  
  15  0:38  SCV  
  15  0:39  Barracks  
  16  0:44  Refinery  
  16  0:50  SCV  
  17  1:02  SCV  
  18  1:14  SCV  
  19  1:27  Orbital Command, Marine  
  20  1:45  Command Center  
  20  1:46  Barracks Reactor  
  20  1:53  SCV  
  20  1:54  Supply Depot  
  21  2:05  SCV  
  22  2:18  SCV  
  22  2:22  Marine x2  
  24  2:25  Command Center  
  25  2:30  SCV  
  25  2:35  Barracks  
  26  2:40  Marine  
  26  2:41  Marine  
  28  2:45  SCV  
  29  2:57  Orbital Command  
  29  2:59  SCV  
  29  3:02  Marine  
  29  3:03  Bunker  
  29  3:05  Marine  
  32  3:11  SCV  
  33  3:14  Barracks  
  33  3:22  Marine  
  33  3:23  SCV, Marine  
  33  3:24  SCV  
  37  3:27  Barracks Tech Lab  
  37  3:35  SCV  
  37  3:36  SCV  
  37  3:38  Orbital Command  
  39  3:45  Stimpack  
  39  3:47  SCV  
  40  3:48  SCV, Factory  
  41  3:57  Refinery  
  41  3:59  SCV, Engineering Bay  
  41  4:00  SCV  
  43  4:04  Barracks Tech Lab  
  43  4:06  SCV, Marine  
  43  4:08  Marine  
  46  4:10  Marine  
  46  4:11  SCV  
  46  4:13  SCV  
  49  4:18  SCV  
  49  4:22  Combat Shield, Supply Depot  
  49  4:23  SCV  
  51  4:24  Marine, Refinery  
  51  4:28  Missile Turret  
  51  4:29  SCV  
  51  4:30  SCV  
  54  4:31  Marine  
  54  4:36  Starport  
  55  4:39  SCV  
  55  4:41  Factory Reactor  
  55  4:45  Marine, Marauder  
  58  4:46  SCV, Marine  
  58  4:50  Marine  
  62  4:53  Barracks  
  62  4:55  Barracks  
  62  5:00  Supply Depot  
  62  5:02  Refinery  
  62  5:04  Supply Depot  
  62  5:05  Marauder  
  64  5:09  Terran Infantry Weapons Level 1  
  64  5:10  SCV  
  64  5:11  Marauder  
  64  5:13  SCV  
  67  5:15  SCV  
  66  5:22  Marine  
  66  5:25  SCV  
  66  5:27  Marauder  
  66  5:28  Medivac  
  72  5:29  Marine  
  72  5:32  Marauder  
  72  5:33  Supply Depot  
  75  5:36  Supply Depot, Medivac  
  75  5:37  SCV  
  75  5:38  SCV  
  75  5:39  SCV  
  75  5:41  Barracks Tech Lab  
  80  5:43  Marine  
  80  5:45  Barracks Reactor  
  80  5:47  Marine x2  
  80  5:48  Factory Tech Lab  
  84  5:50  SCV  
  84  5:53  Marine  
  84  5:55  Supply Depot  
  84  5:56  SCV  
  84  5:57  Orbital Command  
  84  5:58  Supply Depot  
  84  6:01  Medivac  
  84  6:02  SCV  
  86  6:05  Marauder  
  86  6:08  SCV  
  86  6:09  Marine  
  86  6:10  Marauder  
  92  6:12  Widow Mine  
  92  6:14  SCV  
  92  6:17  Marine  
  92  6:18  Marine  
  95  6:20  SCV  
  96  6:25  Marine  
  96  6:26  SCV  
  96  6:27  Marine  
  96  6:28  SCV, Marine  
  96  6:31  Marauder  
  103  6:33  Widow Mine  
  103  6:34  Supply Depot x2  
  103  6:36  SCV, Marine  
  103  6:38  SCV  
  108  6:41  Concussive Shells, Medivac  
  108  6:44  Medivac  
  112  6:49  SCV x2  
  112  6:51  Supply Depot, Marine, Sensor Tower  
  112  6:53  SCV  
  112  6:54  Marine  
  116  7:01  SCV x2  
  115  7:03  Marine  
  115  7:05  SCV  
  115  7:08  Marine  
  110  7:09  Marine  
  110  7:11  Viking  
  110  7:13  SCV x2  
  110  7:14  Marine, Viking  
  113  7:18  Marine, Terran Infantry Armor Level 1  
  113  7:19  SCV, Marauder  
  119  7:23  Siege Tank  
  119  7:24  Marine  
  119  7:25  Marine  
  119  7:27  SCV x2  
  123  7:30  Marine, Refinery x2  
  126  7:37  Marine, Ghost Academy, Marauder  
  126  7:40  Marauder, Viking  
  126  7:43  Marauder  
  133  7:44  Marine  
  133  7:45  Viking  
  136  7:53  Supply Depot  
  136  7:54  Supply Depot  
  137  7:58  Marauder  
  137  8:02  Marauder, Command Center  
  137  8:04  Marauder  
  141  8:14  SCV, Marine x2, Siege Tank  
  141  8:18  Supply Depot, Viking  
  141  8:19  Supply Depot, Ghost  
  152  8:22  Ghost  
  152  8:23  Viking  
  157  8:32  SCV  
  157  8:35  Armory  
  157  8:37  Engineering Bay  
  157  8:39  SCV x2, Marauder  
  161  8:43  Sensor Tower  
  161  8:44  Supply Depot, SCV  
  161  8:47  Supply Depot, Siege Tank, Ghost  
  168  8:50  Supply Depot  
  168  8:51  SCV, Bunker  
  168  8:55  SCV  
  170  8:56  Supply Depot, Marine  
  170  8:57  Marauder  
  170  8:58  Supply Depot  
  172  9:04  Marine  
  172  9:05  Marine  
  173  9:11  Marine, Marauder  
  173  9:14  Marine, Viking x2  
  173  9:15  Planetary Fortress  
  181  9:17  Marauder  
  181  9:18  Missile Turret  
  181  9:19  SCV x2  
  181  9:20  SCV  
  181  9:21  Marine  
  185  9:24  Siege Tank  
  188  9:32  Marine, Refinery, Starport  
  188  9:33  Refinery  
  188  9:35  Marine, Marauder  
  192  9:46  Marine  
  192  9:47  Marauder  
  192  9:50  Terran Infantry Armor Level 2, Terran Infantry Weapons Level 2  
  192  9:52  Viking  
  197  9:55  Viking  
  197  9:58  Marine  
  200  10:13  Marine  
  195  10:16  Marine  
  173  10:23  Marine, Marauder  
  173  10:25  Marine  
  173  10:26  Marauder  
  164  10:31  Marine  
  164  10:32  Marine  
  137  10:36  SCV  
  137  10:37  SCV x3  
  137  10:39  Viking x2  
  137  10:40  Command Center  
  137  10:42  Barracks  
  137  10:43  Barracks  
  137  10:44  Marine, Barracks  
  137  10:45  Marauder  
  137  10:48  SCV, Terran Ship Weapons Level 1  
  137  10:49  SCV x3, Ghost  
  142  10:50  Marine, Marauder  
  148  10:58  Sensor Tower  
  148  11:01  SCV  
  148  11:02  Marine  
  150  11:05  Ghost  
  150  11:07  Missile Turret  
  150  11:08  SCV  
  150  11:09  SCV x2, Viking  
  158  11:13  SCV  
  158  11:14  Starport Reactor  
  159  11:20  SCV  
  159  11:21  SCV  
  159  11:23  Viking  
  163  11:26  Marine  
  162  11:35  SCV  
  162  11:37  Marine  
  162  11:38  Marauder  
  162  11:39  SCV, Marine  
  166  11:44  Ghost  
  166  11:45  Marine, Marauder  
  166  11:46  Viking  
  174  11:47  Marine  
  174  11:52  SCV x3  
  174  11:53  Viking  
  174  11:54  Barracks Tech Lab x2  
  180  11:59  SCV, Marauder  
  183  12:02  Missile Turret  
  183  12:03  Barracks Tech Lab, Siege Tank  
  186  12:12  Marine, Marauder  
  186  12:13  Missile Turret  
  186  12:14  Sensor Tower  
  186  12:15  Marine, Marauder  
  192  12:16  Marine  
  192  12:19  Marauder  
  192  12:20  Marauder  
  197  12:27  Marine  
  197  12:28  Marauder  
  200  12:35  Marine, Marauder  
  186  12:39  Marine, Marauder  
  186  12:40  Terran Infantry Armor Level 3, Terran Infantry Weapons Level 3  
  186  12:42  Marine  
  190  12:47  Marine, Marauder  
  190  12:49  Marine x2, Marauder  
  196  12:55  Marine  
  196  12:57  Marine, Marauder  
  200  12:59  Planetary Fortress  
  200  13:17  Marauder  
  196  13:23  Marine, Marauder x2  
  193  13:27  Marine  
  193  13:28  Marauder  
  193  13:29  Marine, Marauder x2  
  193  13:32  Medivac  
  180  13:34  Marine  
  180  13:39  Marauder  
  180  13:40  Marine  
  171  13:41  Orbital Command  
  171  13:44  Marauder  
  171  13:45  Marine, Marauder  
  171  13:47  Marine  
  158  13:58  SCV  
  158  13:59  SCV  
  163  14:06  Medivac  
  163  14:09  Ghost x6  
  155  14:11  Starport Reactor, Medivac  
  155  14:13  Marine x2  
  177  14:18  Missile Turret  
  177  14:24  Marine  
  175  14:27  Missile Turret  
  175  14:36  Medivac  
  175  14:41  Medivac  
  172  14:46  Marine, Marauder x6  
  172  14:51  Marine  
  186  14:57  Marine  
  186  14:58  Orbital Command  
  182  15:04  Marine  
  182  15:05  Marine  
  178  15:07  Marauder x5  
  188  15:20  Missile Turret  
  188  15:25  Marine, Bunker  
  188  15:26  Supply Depot x2  
  188  15:31  Marauder  
  194  15:59  Marine  
Tags
 
Add a new tag
Caveats
  • Supply blocks, unpowered buildings, or Contaminate may cause inaccurate times.
  • Supply counts are checked every 10 seconds.